 Dungeon Crawl Stone Soup version 0.27-a0-797-g27d10ad80f (webtiles) character file.

Game seed: 6634409826684420853

19 polve the Skirmisher (level 2, 0/24 HPs)
             Began as a Demonspawn Abyssal Knight on Mar 27, 2021.
             Was a Follower of Lugonu.
             Succumbed to a goblin's poison
             ... on level 2 of the Dungeon.
             The game lasted 00:00:35 (1356 turns).

polve the Skirmisher (Demonspawn Abyssal Knight)    Turns: 1356, Time: 00:00:36

Health: 0/24       AC:  3    Str: 12    XL:     2   Next: 55%
Magic:  3/3        EV: 11    Int: 13    God:    Lugonu [*.....]
Gold:   68         SH:  0    Dex: 12    Spells: 1/1 levels left

rFire    . . .     SeeInvis .     - Unarmed
rCold    . . .     Faith    .   (no shield)
rNeg     . . .     Spirit   .   b - +0 leather armour
rPois    .         Reflect  .   (no helmet)
rElec    .         Harm     .   (no cloak)
rCorr    .         Rampage  .   (no gloves)
Will     .....                  (no boots)
Stlth    +.........             (no amulet)
HPRegen  0.08/turn              (no ring)
MPRegen  0.08/turn              (no ring)

@: lethally poisoned (0 -> -5)
A: claws 1
a: Renounce Religion, Depart the Abyss


You were on level 2 of the Dungeon.
You worshipped Lugonu.
Lugonu was aware of your devotion.
You visited 1 branch of the dungeon, and saw 2 of its levels.
You visited the Abyss 1 time.

You collected 68 gold pieces.

Inventory:

Armour
 b - a +0 leather armour (worn)
Scrolls
 a - a scroll of magic mapping {unknown}
Potions
 c - a potion of might {unknown}


   Skills:
 - Level 3.0 Fighting
 - Level 2.5 Long Blades
 - Level 1.7 Armour
 - Level 0.8 Dodging
 + Level 1.1 Unarmed Combat
 - Level 2.4 Invocations


You had one spell level left.
You didn't know any spells.
Your spell library was empty.

Dungeon Overview and Level Annotations

Branches:
Dungeon (2/15)

Altars:


Innate Abilities, Weirdness & Mutations

You have sharp fingernails.


Message History

You closely miss the adder. The adder barely misses you.
You scratch the adder.
The adder is heavily wounded.
The adder bites you but does no damage.
The goblin hits you with a +1 dagger of venom.
The adder barely misses you.
You closely miss the adder.
The adder is heavily wounded.
The adder bites you.
You are poisoned.
The adder poisons you! The goblin completely misses you.
You are too injured to fight recklessly!
You are too injured to fight recklessly!
You are too injured to fight recklessly!
You are too injured to fight recklessly!
You are too injured to fight recklessly!
You are too injured to fight recklessly!
You are too injured to fight recklessly!
You are too injured to fight recklessly!
You are too injured to fight recklessly!
You are too injured to fight recklessly!
You are too injured to fight recklessly!
You are too injured to fight recklessly!
You are too injured to fight recklessly!
There are monsters nearby!
You scratch the goblin.
The goblin is severely wounded.
You feel very sick. The adder bites you but does no damage.
The goblin hits you but does no damage.
You are lethally poisoned!
You scratch the goblin but do no damage.
The goblin is severely wounded.
* * * LOW HITPOINT WARNING * * *
You feel very sick. The adder closely misses you.
The goblin closely misses you. The adder bites you.
* * * LOW HITPOINT WARNING * * *
You barely miss the goblin.
The goblin is severely wounded.
You die...

.. .# . ... .
#.# #. #. #.#
...#.###^#
#........#
......Sg.#######
#@.......w
#..######
#..#### #.....#
##.##.# #.##.#
#.. #.##.# #..##
#.##.# ...#
#.##.#


You could see an adder and a goblin.

Vanquished Creatures
  An adder (D:2)
  A giant cockroach (D:1)
  A hobgoblin (D:2)
  A ball python (D:2)
  2 frilled lizards (D:1)
  2 goblins (D:1)
  5 rats
13 creatures vanquished.

Notes
Turn   | Place    | Note
-------+----------+-------------------------------------------
     0 | Abyss:1  | polve the Demonspawn Abyssal Knight began the quest for the
                  | Orb.
     0 | Abyss:1  | Reached XP level 1. HP: 18/18 MP: 2/2
    90 | Abyss:1  | Noticed a small abomination
    96 | D:1      | Escaped the Abyss
   482 | D:1      | Reached * piety under Lugonu
  1075 | D:2      | Gained mutation: You have sharp fingernails. [demonic
                  | ancestry]
  1075 | D:2      | Reached XP level 2. HP: 24/24 MP: 3/3
  1093 | D:2      | Reached skill level 1 in Unarmed Combat
  1355 | D:2      | HP: 1/24 [adder (3)]
  1356 | D:2      | Succumbed to a goblin's poison

Illustrated notes

Levels and vault maps discovered:
D:1:      dpeg_arrival_rooms_c, layout_basic, kennysheep_crisscross,
          hangedman_decor_clover_reticule, minmay_misc_feat_diagonals,
          minivault_25, minmay_misc_feat_doors
D:2:      layout_loops_ring, lemuel_round_altar, serial_shops, shop,
          nicolae_shop_statue_plus, uniq_sigmund

Skill      XL: |  1  2 |
---------------+-------+-----
Long Blades    | 2 |  2.5
Unarmed Combat | 1 |  1.1
Fighting       | |  3.0
Armour         | |  1.7
Dodging        | |  0.8
Invocations    | |  2.4

Action                   || total
-------------------------++-------
Melee: Falchion          ||    27
       Unarmed           ||    18
Invok: Depart the Abyss  ||     1
Armor: Leather armour    ||    15
Dodge: Dodged            ||    24
       Rpst.: Falchion   ||     2

Table legend: (Time is in decaauts)
 A = Elapsed time spent in this place.
 B = Non-inter-level travel time spent in this place.
 C = Inter-level travel time spent in this place.
 D = Time resting spent in this place.
 E = Time spent auto-exploring this place.
 F = Levels seen in this place.
 G = Mean time per level.
                   A        B        C        D        E       F      G
               +--------+--------+--------+--------+--------+-----+--------+
         Total |   1360 |   1335 |     25 |      0 |   1230 |   3 |  453.3 |
       Dungeon |   1264 |   1239 |     25 |      0 |   1140 |   2 |  632.0 |
         Abyss |     96 |     96 |      0 |      0 |     90 |   1 |   96.0 |
               +--------+--------+--------+--------+--------+-----+--------+

Top non-repeatable levels by time:
     D:1: 976 daAuts
     D:2: 287 daAuts
 Abyss:1: 96 daAuts
